 Dungeon Crawl Stone Soup version 0.19.0 (webtiles) character file.

5097 Ultraviolent4 the Cleaver (level 10, -2/91 HPs)
             Began as a Deep Dwarf Gladiator on Nov 20, 2016.
             Was a Believer of Makhleb.
             Killed from afar by Josephine (12 damage)
             ... with a ghostly fireball
             ... on level 10 of the Dungeon.
             The game lasted 00:06:25 (3035 turns).

Ultraviolent4 the Cleaver (Deep Dwarf Gladiator)    Turns: 3035, Time: 00:06:26

Health: -2/91      AC: 11    Str: 24    XL:     10   Next: 32%
Magic:  4/4        EV:  9    Int:  9    God:    Makhleb [**....]
Gold:   231        SH:  0    Dex: 13    Spells: 0 memorised, 9 levels left

rFire  . . .     SeeInvis .     a - +0 battleaxe (curse)
rCold  . . .     Gourm    .     j - +0 chain mail
rNeg   . . .     Faith    .     (shield currently unavailable)
rPois  .         Spirit   .     c - +1 helmet
rElec  .         Reflect  .     (no cloak)
rCorr  .         Harm     .     (no gloves)
MR     +....                    (no boots)
Stlth  ..........               (no amulet)
                                (no ring)
                                (no ring)

@: non-regenerating, slowed, very heavily drained, very slow
A: damage resistance, recharge devices, blurry vision 1, mutation resistance 1,
sense surroundings 2, slow regeneration 3, strong 1
a: Device Recharging, Minor Destruction, Renounce Religion


You were on level 10 of the Dungeon.
You worshipped Makhleb.
Makhleb was pleased with you.
You were not hungry.

You visited 2 branches of the dungeon, and saw 11 of its levels.

You collected 231 gold pieces.

Inventory:

Hand Weapons
 a - a cursed +0 battleaxe (weapon)
   (You took it off a wight on level 9 of the Dungeon)
 m - a +0 war axe
Missiles
 d - 3 throwing nets (quivered)
Armour
 c - a +1 helmet (worn)
 j - a +0 chain mail (worn)
   (You found it on level 4 of the Dungeon)
Jewellery
 l - an uncursed ring of wizardry {unknown}
   (You found it on level 10 of the Dungeon)
Wands
 e - a wand of heal wounds (4/9) {@v2}
 s - a wand of hasting (4/9) {@v3}
   (You took it off Pikel on level 7 of the Dungeon)
 y - a wand of confusion (9/48)
   (You found it on level 6 of the Dungeon)
Scrolls
 f - 2 scrolls of identify {@r1}
Potions
 b - 3 potions of curing {@q1}
 h - 3 potions of brilliance
 n - 3 potions of haste {@q3}
Comestibles
 i - a beef jerky
 k - 5 fruits
 q - 6 bread rations


   Skills:
 + Level 6.1(2.2) Fighting
 * Level 10.7(6.3) Axes
 - Level 1.7(0.0) Throwing
 + Level 6.9(2.9) Armour
 + Level 7.5(3.5) Dodging
 + Level 6.6(2.6) Invocations


You had 9 spell levels left.
You didn't know any spells.

Dungeon Overview and Level Annotations

Branches:
Dungeon (10/15)            Temple (1/1) D:6            Lair (0/6) D:8
    Orc: D:9-12

Altars:
Ashenzari
Cheibriados
Dithmenos
Fedhas
Hepliaklqana
Kikubaaqudgha
Makhleb
Okawaru
Sif Muna
Trog
Uskayaw
Vehumet
Yredelemnul
Zin

Shops:
D:7 *

Annotations:
D:4 Neverdly's ghost, amateur MiFi
D:9 4 runed doors
D:10 Josephine


Innate Abilities, Weirdness & Mutations

You are resistant to damage.
You can recharge devices by infusing magical energy.
You passively map the area around you.
You do not regenerate.
Scrolls take you a little longer to read.
You are somewhat resistant to further mutation.
Your muscles are strong. (Str +2)


Message History

The ghostly flame explodes!
The ghostly fireball engulfs you!
You feel drained.
The ghostly fireball engulfs the wraith.
The wraith completely resists.
The ghostly fireball engulfs Josephine.
Josephine completely resists.
The wraith hits you. The wraith drains your vigour!
You feel as though you will be slow longer.
Josephine points at you and mumbles some strange words.
The ghostly flame explodes!
The ghostly fireball engulfs you!
You feel drained.
* * * LOW HITPOINT WARNING * * *
The ghostly fireball engulfs the wraith.
The wraith completely resists.
The ghostly fireball engulfs Josephine.
Josephine completely resists.
You feel much better.
This wand has 2 charges left.
The wraith barely misses you. Josephine hits you but does no damage.
The wraith barely misses you.
You feel much better.
This wand has 1 charge left.
Josephine gestures at you while chanting.
The ghostly flame explodes!
The ghostly fireball engulfs you!
You feel drained.
The ghostly fireball engulfs the wraith.
The wraith completely resists.
The ghostly fireball engulfs Josephine.
Josephine completely resists.
The wraith hits you but does no damage. Josephine hits you but does no damage.
You feel much better.
This wand has 0 charges left.
The wraith closely misses you. Josephine closely misses you.
The wraith hits you but does no damage.
You fail to use your ability.
Josephine casts a spell at you.
The ghostly flame explodes!
The ghostly fireball engulfs you!
You feel drained.
The ghostly fireball engulfs the wraith.
The wraith completely resists.
The ghostly fireball engulfs Josephine.
Josephine completely resists.
The wraith hits you!
Josephine points at you and mumbles some strange words.
The ghostly flame explodes!
The ghostly fireball engulfs you!
You feel drained.
* * * LOW HITPOINT WARNING * * *
The ghostly fireball engulfs the wraith.
The wraith completely resists.
The ghostly fireball engulfs Josephine.
Josephine completely resists.
This wand has no charges.
This wand has no charges.
You fail to use your ability.
The wraith hits you but does no damage. Josephine hits you but does no damage.
The wraith hits you.
* * * LOW HITPOINT WARNING * * *
The wraith drains your vigour!
You feel as though you will be slow longer.
This wand has no charges.
Charge which item? (? for menu, Esc to quit)
Your wand of heal wounds (0/9) {@v2} glows for a moment and now has 4 charges.
Josephine points at you and mumbles some strange words.
The ghostly flame explodes!
The ghostly fireball engulfs you!
You feel drained.
You die...

,, , , #...#.........# ,
#.>...#...#.........#, ,
, #.....#..†#.........#
#.....#........##...## ,
,#.....#...............
,, , ,
#.....#............... ,
* **
####....#...............
,
..................######
, ,
,......@@..?...........#.
,
......W...............#.
, ,
,......................#.
* ,
#######..####...#...###.
, , ....#.....#....... ,
, .....#.....#....... , ,
....(.#.....#....... ,, ,
* * #######.....#...####
,, ,, ,#.............#...


You could see Josephine and a wraith.

Vanquished Creatures
  Pikel (D:7)
  A cyclops (D:9)
  A wyvern (D:9)
  A vampire (D:10)
  2 wraiths (D:10)
  Menkaure (D:7)
  2 wargs (D:8)
  A water moccasin (D:5)
  3 orc warriors
  An ice beast (D:8)
  A black bear (D:9)
  A phantom (D:7)
  3 sky beasts
  4 slaves (D:7)
  A necrophage (D:6)
  4 ogres
  3 centaurs
  4 bullfrogs
  A water moccasin zombie (D:5)
  A water moccasin skeleton (D:5)
  A scorpion (D:10)
  6 wights (D:9)
  2 electric eels (D:8)
  A howler monkey (D:8)
  3 crimson imps
  A bullfrog zombie (D:6)
  A jelly (D:4)
  A gnoll shaman (D:9)
  A hound (D:8)
  8 orc priests
  A centaur skeleton (D:7)
  7 orc wizards
  2 iguanas
  2 worker ants (D:7)
  2 hound zombies
  A worker ant zombie (D:7)
  13 gnolls
  A howler monkey skeleton (D:10)
  An adder (D:8)
  An adder skeleton (D:7)
  2 worms (D:5)
  A dart slug (D:3)
  2 leopard geckos
  33 orcs
  2 bats
  3 giant cockroaches
  A goblin (D:1)
  A hobgoblin (D:3)
  2 jackals (D:7)
  A kobold (D:1)
  3 quokkas
  A ball python (D:4)
  2 frilled lizards (D:5)
  A giant cockroach zombie (D:5)
  A quokka skeleton (D:4)
149 creatures vanquished.

Notes
Turn   | Place    | Note
-------+----------+-------------------------------------------
     0 | D:1      | Ultraviolent4 the Deep Dwarf Gladiator began the quest for the Orb.
     0 | D:1      | Reached XP level 1. HP: 19/19 MP: 1/1
   165 | D:3      | Reached XP level 2. HP: 19/26 MP: 2/2
   281 | D:5      | Entered Level 5 of the Dungeon
   281 | D:5      | Noticed an ogre
   367 | D:4      | Found an iron altar of Okawaru.
   419 | D:4      | Reached skill level 4 in Axes
   419 | D:4      | Reached skill level 1 in Armour
   419 | D:4      | Reached XP level 3. HP: 19/33 MP: 3/3
   431 | D:4      | Reached XP level 4. HP: 28/40 MP: 3/3
   443 | D:4      | Reached XP level 5. HP: 43/46 MP: 4/4
   586 | D:4      | Reached skill level 5 in Axes
   799 | D:4      | Noticed Neverdly's ghost (amateur MiFi)
   856 | D:5      | Killed an ogre
   856 | D:5      | Reached XP level 6. HP: 56/56 MP: 4/4
   908 | D:5      | Found a hide-covered altar of Uskayaw.
   911 | D:5      | Found a hazy altar of Hepliaklqana.
   914 | D:5      | Found a deep blue altar of Sif Muna.
  1195 | D:5      | Noticed an angel
  1196 | D:5      | Found a glowing silver altar of Zin.
  1375 | D:5      | Noticed a water moccasin
  1379 | D:5      | Reached skill level 6 in Axes
  1385 | D:5      | Reached XP level 7. HP: 54/62 MP: 5/5
  1451 | D:5      | Gained mutation: Scrolls take you a little longer to read. [potion of mutation]
  1451 | D:5      | Gained mutation: Your muscles are strong. (Str +2) [potion of mutation]
  1451 | D:5      | Gained mutation: You are somewhat resistant to further mutation. [potion of mutation]
  1520 | D:6      | Reached skill level 5 in Dodging
  1522 | D:6      | Found a staircase to the Ecumenical Temple.
  1527 | Temple   | Entered the Ecumenical Temple
  1534 | Temple   | Became a worshipper of Makhleb the Destroyer
  1589 | D:6      | Found a shadowy altar of Dithmenos.
  1646 | D:6      | Reached skill level 7 in Axes
  1646 | D:6      | Reached skill level 1 in Invocations
  1717 | D:6      | Reached XP level 8. HP: 51/72 MP: 7/7
  1752 | D:7      | Noticed Menkaure
  1759 | D:7      | Killed Menkaure
  1819 | D:7      | Reached * piety under Makhleb
  1840 | D:7      | Noticed Pikel
  1877 | D:7      | Killed Pikel
  1877 | D:7      | Reached skill level 8 in Axes
  1877 | D:7      | Reached skill level 5 in Armour
  1942 | D:7      | Gained mutation: You passively map the area around you. [Deep Dwarf growth]
  1942 | D:7      | Reached XP level 9. HP: 71/80 MP: 8/8
  1979 | D:7      | Found Fycyd's Assorted Antiques.
  2058 | D:7      | Reached skill level 5 in Fighting
  2061 | D:7      | Reached skill level 9 in Axes
  2181 | D:8      | Found a staircase to the Lair.
  2202 | D:8      | Reached skill level 5 in Invocations
  2206 | D:8      | Reached ** piety under Makhleb
  2501 | D:9      | Reached skill level 10 in Axes
  2607 | D:9      | Reached XP level 10. HP: 79/91 MP: 7/7
  2611 | D:9      | Found a huge runed gate.
  2611 | D:9      | Noticed a death yak
  2612 | D:9      | Found a huge runed gate.
  2612 | D:9      | Found a huge runed gate.
  2612 | D:9      | Noticed a death yak
  2613 | D:9      | Found a huge runed gate.
  2622 | D:9      | Noticed a cyclops
  2634 | D:9      | Killed a cyclops
  2885 | D:10     | Entered Level 10 of the Dungeon
  3013 | D:10     | Noticed Josephine
  3029 | D:10     | HP: 2/91 [Josephine/ghostly fireball (22)]
  3035 | D:10     | Killed from afar by Josephine

Skill      XL: |  1  2  3  4  5  6  7  8  9 10 |
---------------+-------------------------------+-----
Fighting       | 2 3 4 5 6 |  6.1
Axes           | 4 5 6 7 8 10 | 10.7
Armour         | 1 2 3 4 5 6 |  6.9
Dodging        | 4 5 6 7 |  7.5
Invocations    | 1 4 6 |  6.6
Throwing       | |  1.7

Action                   |  1- 3 |  4- 6 |  7- 9 | 10-12 || total
-------------------------+-------+-------+-------+-------++-------
Melee: War axe           |    61 |   105 |   307 |       ||   473
       Battleaxe         |       |       |    16 |    89 ||   105
 Abil: Device Recharging |     1 |     1 |     5 |     3 ||    10
Evoke: Wand              |     6 |     4 |    23 |    15 ||    48
  Use: Scroll            |     1 |     3 |     9 |     1 ||    14
       Potion            |       |       |     1 |       ||     1
 Stab: Sleeping          |     1 |       |       |       ||     1
  Eat: Chunk             |       |     2 |     5 |     1 ||     8
Armor: Leather armour    |    22 |     8 |       |       ||    30
       Chain mail        |       |    48 |   267 |    97 ||   412
Dodge: Dodged            |    83 |    71 |   279 |    74 ||   507
